 Dungeon Crawl Stone Soup version 0.23.2-1-ga50397a (webtiles) character file.

Game seed: 16553402536942280201

3154 teukkam the Covered (level 9, -11/79 HPs)
             Began as a Minotaur Fighter on Apr 17, 2019.
             Was an Elder of Yredelemnul.
             Killed from afar by Maurice (24 damage)
             ... with a wand of acid (5)
             ... on level 8 of the Dungeon.
             The game lasted 00:29:29 (5614 turns).

teukkam the Covered (Minotaur Fighter)              Turns: 5614, Time: 00:29:32

Health: -11/79     AC:  4    Str: 22 (23) XL:     9   Next: 62%
Magic:  20/20      EV:  8    Int:  3 (5)  God:    Yredelemnul [****..]
Gold:   319        SH: 11    Dex: 10 (11) Spells: 8/8 levels left

rFire    . . .     SeeInvis .   a - +0 war axe
rCold    . . .     Gourm    .   c - +0 shield
rNeg     . . .     Faith    .   w - +4 scale mail {MR+}
rPois    .         Spirit   .   (helmet restricted)
rElec    .         Reflect  .   (no cloak)
rCorr    .         Harm     .   (no gloves)
MR       +....                  (no boots)
Stlth    +.........             y - amulet of regeneration
HPRegen  0.63/turn              l - ring of magical power
MPRegen  0.17/turn              u - ring of stealth

@: corroded
A: retaliatory headbutt, horns 2
a: Recall Undead Slaves, Injury Mirror, Animate Dead, Drain Life, Renounce
Religion


You were on level 8 of the Dungeon.
You worshipped Yredelemnul.
Yredelemnul was greatly pleased with you.
You were not hungry.

You visited 1 branch of the dungeon, and saw 8 of its levels.

You collected 319 gold pieces.

Inventory:

Hand Weapons
 a - a +0 war axe (weapon)
 b - a +0 hunting sling
 n - a +1 dagger of flaming
 x - a +0 blowgun
 A - a +0 falchion
Missiles
 k - 11 stones (quivered)
 m - 3 tomahawks
 q - 53 sling bullets
 t - 6 javelins
 v - 45 poisoned needles
 D - a throwing net
Armour
 c - a +0 shield (worn)
 h - a +0 leather armour of magic resistance
 w - a +4 scale mail of magic resistance (worn)
Jewellery
 l - a ring of magical power (left hand)
 u - a ring of stealth (right hand)
 y - an amulet of regeneration (around neck)
Wands
 o - a wand of disintegration (32)
Scrolls
 g - 6 scrolls of identify
 i - a scroll of amnesia
 z - a scroll of immolation {unknown}
 C - 2 scrolls of remove curse
 E - a scroll of blinking {unknown}
 F - 3 scrolls of enchant weapon {unknown}
 G - a scroll of fog {unknown}
 H - a scroll of teleportation
 I - 2 scrolls of fear {unknown}
Potions
 e - a potion of cancellation
 j - a potion of mutation {unknown}
 p - 2 potions of ambrosia {unknown}
 r - 3 potions of lignification {unknown}
 s - a potion of brilliance {unknown}
 B - 2 potions of resistance
Comestibles
 f - 5 rations


   Skills:
 + Level 7.5 Fighting
 + Level 7.2 Axes
 + Level 5.9 Slings
 + Level 7.7 Armour
 + Level 7.5 Shields
 + Level 5.1 Invocations


You had 8 spell levels left.
You didn't know any spells.
Your spell library was empty.

Dungeon Overview and Level Annotations

Branches:
Dungeon (8/15)             Temple (0/1) D:5
   Lair: D:8-11

Altars:
Cheibriados
Elyvilon
Kikubaaqudgha
Makhleb
Wu Jian
Xom
Yredelemnul

Shops:
D:5 [

Annotations:
D:3 3 runed translucent doors, ThisFiasco's ghost, amateur MfTm
D:7 1 runed translucent door, poirepourri's ghost, novice DECj
D:8 Maurice


Innate Abilities, Weirdness & Mutations

You reflexively headbutt those who attack you in melee.
You have a pair of horns on your head.


Message History

Something steals 287 of your 298 stones!
Your giant cockroach zombie bites something.
You hear a zap.
A bolt of acid appears from out of thin air!
The bolt of acid hits you! The acid corrodes you!
You are splashed with acid!
Your giant cockroach zombie bites something but does no damage.
You hear a zap.
A bolt of acid appears from out of thin air!
The bolt of acid hits you.
You are splashed with acid!
* * * LOW HITPOINT WARNING * * *
Your kobold zombie completely misses something.
It was a potion of degeneration.
There was something very wrong with that liquid.
You feel weakened.
You feel dopey.
You feel clumsy.
Your giant cockroach zombie closely misses something.
You hear a zap.
A bolt of acid appears from out of thin air!
The bolt of acid hits you!!
You die...
Your body rises from the dead as a mindless zombie.

....# . ##....#.# ..
##........
.####............
................
##..............
..###(.......# .....
.......@Z...###....
#.......{ZZ..#.....
##.......Z....#
...........).###
..##...........# #
###...###M..## #.
.......####...# ...
........#.....#
...###....##.Z.#....#


You could see a friendly mummy, a friendly giant cockroach zombie, 2 friendly
kobold zombies and a friendly big kobold zombie.

Vanquished Creatures
  The ghost of whitewolfNL the Cudgeler, a novice TrBe of Trog (D:5)
  Grum (D:5)
  A water moccasin (D:6)
  3 orc warriors (D:6)
  A phantom (D:6)
  4 ogres
  2 centaurs
  Blork the orc (D:5)
  Dowan (D:5)
  3 bullfrogs
  2 scorpions
  A bullfrog zombie (D:8)
  A crimson imp (D:3)
  A jelly (D:5)
  3 orc wizards
  An iron imp (D:6)
  7 hounds
  An orc priest (D:5)
  Jessica (D:3)
  2 iguanas
  5 worker ants
  A hound zombie (D:6)
  10 adders
  6 gnolls (D:5)
  A shadow imp (D:7)
  2 oozes
  2 adder zombies
  An adder skeleton (D:7)
  A worm (D:3)
  4 dart slugs
  2 leopard geckos
  18 orcs
  A bat skeleton (D:2)
  A bat zombie (D:2)
  7 giant cockroaches
  4 hobgoblins
  17 jackals
  A quokka (D:4)
  2 ball pythons (D:1)
  A ball python skeleton (D:2)
  6 bats
  A frilled lizard (D:2)
  5 goblins (D:2)
  11 kobolds
  A quokka skeleton (D:2)
  2 quokka zombies
  8 rats
159 creatures vanquished.

Vanquished Creatures (collateral kills)
  Duvessa (D:5)
  A sky beast (D:7)
  A wolf (D:5)
  A big kobold (D:8)
  2 bullfrogs
  A scorpion (D:7)
  A crimson imp (D:8)
  5 hounds (D:5)
  An orc wizard (D:7)
  An iguana (D:7)
  A worker ant (D:7)
  A hound zombie (D:7)
  A hound skeleton (D:8)
  4 gnolls (D:5)
  An adder (D:6)
  3 shadow imps
  2 leopard geckos
  4 orcs
  2 jackals
  2 kobolds (D:8)
  A withered plant (D:5)
37 creatures vanquished.

Vanquished Creatures (others)
  A wight (D:8)
  A bullfrog zombie (D:6)
  2 centaur zombies
  2 gnoll zombies (D:5)
  5 jackal zombies
  2 kobold zombies (D:8)
  A leopard gecko zombie (D:8)
  5 orc zombies
19 creatures vanquished.

Grand Total: 215 creatures vanquished

Notes
Turn   | Place    | Note
-------+----------+-------------------------------------------
     0 | D:1      | teukkam the Minotaur Fighter began the quest for the Orb.
     0 | D:1      | Reached XP level 1. HP: 19/19 MP: 0/0
   131 | D:2      | Reached XP level 2. HP: 24/27 MP: 1/1
   179 | D:2      | Reached XP level 3. HP: 26/33 MP: 2/2
   464 | D:3      | Found a basalt altar of Yredelemnul.
   482 | D:3      | Became a worshipper of Yredelemnul the Dark
   738 | D:1      | Reached skill level 1 in Slings
   908 | D:1      | Reached XP level 4. HP: 36/40 MP: 3/3
  1556 | D:2      | Reached * piety under Yredelemnul
  2066 | D:3      | Reached skill level 1 in Invocations
  2066 | D:3      | Reached XP level 5. HP: 43/47 MP: 4/4
  2100 | D:3      | Noticed Jessica
  2117 | D:3      | Killed Jessica
  2215 | D:3      | Found a runed translucent gate.
  2215 | D:3      | Found a runed translucent gate.
  2215 | D:3      | Found a runed translucent gate.
  2215 | D:3      | Noticed ThisFiasco's ghost (amateur MfTm)
  2807 | D:4      | Reached XP level 6. HP: 29/55 MP: 6/6
  2979 | D:4      | Reached skill level 5 in Armour
  3024 | D:4      | Reached skill level 5 in Fighting
  3196 | D:5      | Entered Level 5 of the Dungeon
  3196 | D:5      | Found a staircase to the Ecumenical Temple.
  3219 | D:5      | Reached ** piety under Yredelemnul
  3219 | D:5      | Reached skill level 5 in Shields
  3254 | D:5      | Found an ancient bone altar of Kikubaaqudgha.
  3291 | D:5      | Reached XP level 7. HP: 60/61 MP: 7/7
  3324 | D:5      | Noticed Blork the orc
  3327 | D:5      | Killed Blork the orc
  3371 | D:5      | Reached skill level 5 in Axes
  3395 | D:5      | Found a burning altar of Makhleb.
  3473 | D:5      | Found a large runed translucent door.
  3473 | D:5      | Found a large runed translucent door.
  3475 | D:5      | Noticed whitewolfNL's ghost (novice TrBe)
  3482 | D:5      | Found Puibariun's Armour Shoppe.
  3514 | D:5      | Killed whitewolfNL's ghost
  3514 | D:5      | Reached XP level 8. HP: 61/70 MP: 9/9
  3606 | D:5      | Noticed Duvessa
  3612 | D:5      | Noticed Dowan
  3620 | D:5      | Killed Duvessa
  3625 | D:5      | Killed Dowan
  3657 | D:5      | Noticed Grum
  3666 | D:5      | Killed Grum
  3750 | D:5      | Found a white marble altar of Elyvilon.
  3924 | D:6      | Reached *** piety under Yredelemnul
  3974 | D:6      | Found an ornate altar of the Wu Jian Council.
  4078 | D:6      | Reached XP level 9. HP: 53/78 MP: 11/11
  4112 | D:6      | Reached skill level 5 in Slings
  4661 | D:6      | Found a snail-covered altar of Cheibriados.
  4671 | D:6      | Received a gift from Yredelemnul (a mummy)
  4935 | D:7      | Reached **** piety under Yredelemnul
  4935 | D:7      | Reached skill level 5 in Invocations
  4970 | D:7      | Received a gift from Yredelemnul (a wight)
  5128 | D:7      | Found a runed translucent door.
  5128 | D:7      | Found a shimmering altar of Xom.
  5128 | D:7      | Noticed poirepourri's ghost (novice DECj)
  5128 | D:7      | Noticed a +1 scimitar of chaos
  5596 | D:8      | Noticed Maurice
  5614 | D:8      | Killed from afar by Maurice

Skill      XL: |  1  2  3  4  5  6  7  8  9 |
---------------+----------------------------+-----
Fighting       | 4 5 6 7 |  7.5
Armour         | 4 5 6 7 |  7.7
Axes           | 3 4 5 6 7 |  7.2
Shields        | 4 5 6 7 |  7.5
Slings         | 1 2 3 4 5 |  5.9
Invocations    | 1 2 3 4 5 |  5.1

Action                   |  1- 3 |  4- 6 |  7- 9 || total
-------------------------+-------+-------+-------++-------
Melee: War axe           |    68 |   141 |   201 ||   410
       Headbutt          |     8 |    21 |    45 ||    74
 Fire: Hunting sling     |     2 |    37 |    26 ||    65
       Blowgun           |       |     2 |       ||     2
Invok: Animate Remains   |       |    13 |    10 ||    23
       Animate Dead      |       |       |     9 ||     9
       Recall Undead Sla |       |       |     2 ||     2
Evoke: Wand              |       |       |     2 ||     2
  Use: Scroll            |       |     6 |       ||     6
       Potion            |       |       |     2 ||     2
 Stab: Distracted        |       |       |     3 ||     3
  Eat: Ration            |       |     3 |     3 ||     6
       Chunk             |       |     3 |     2 ||     5
Armor: Scale mail        |    29 |    61 |    98 ||   188
Dodge: Dodged            |    29 |    40 |    77 ||   146
Block: Shield            |    52 |    90 |   148 ||   290
